 Dungeon Crawl Stone Soup version 0.31-a0-210-gccc998df9b (webtiles) character file.

Game seed: 6459326149044525188

121 qw the Shooter (level 5, -1/30 HPs)
             Began as a Gargoyle Hexslinger on June 29, 2023.
             Slain by Sigmund
             ... wielding a +0 scythe
              (9 damage)
             ... on level 3 of the Dungeon.
             The game lasted 00:00:56 (2294 turns).

qw the Shooter (Gargoyle Hexslinger)                Turns: 2294, Time: 00:00:56

Health: -1/30      AC:  9    Str: 12    XL:     5   Next: 5%
Magic:  6/6        EV: 10    Int: 13    God:
Gold:   39         SH:  0    Dex: 14    Spells: 5/6 levels left

rFire   . . .        Y - +2 sling
rCold   . . .        (no shield)
rNeg    + . .        f - +0 ring mail
rPois   inf          (no helmet)
rElec   +            (no cloak)
rCorr   .            (no gloves)
SInv    .            (no boots)
Will    .....        a - amulet of regeneration
Stlth   +            (no ring)
HPRegen 1.05/turn    (no ring)
MPRegen 0.10/turn

%: no passive effects
@: no status effects
A: sickness immunity, AC +4, negative energy resistance 1, electricity
resistance, torment resistance 1, petrification resistance
a: no special abilities


You were on level 3 of the Dungeon.
You visited 1 branch of the dungeon, and saw 3 of its levels.

You collected 120 gold pieces.
You spent 81 gold pieces at shops.


Innate Abilities, Weirdness & Mutations

You are immune to sickness and miasma.
Your stone body is resilient. (AC +4)
You are immune to poison.
You resist negative energy. (rN+)
You are resistant to electric shocks. (rElec)
You are resistant to unholy torment.
You are immune to petrification.


   Skills:
 - Level 2.3 Fighting
 + Level 4.4 Ranged Weapons
 - Level 1.0 Armour
 - Level 1.5 Dodging
 - Level 1.0 Spellcasting
 - Level 2.6 Hexes


You had 5 spell levels left.
You knew the following spells:

 Your Spells              Type           Power      Damage    Failure   Level
a - Slow                  Hex            28%        N/A       22%         1

Your spell library contained the following spells:

 Spells                   Type           Power      Damage    Failure   Level
 Inner Flame              Hex/Fire       4%         N/A       73%         3
 Portal Projectile        Hex/Tloc       8%         N/A       73%         3
 Cause Fear               Hex            3%         N/A       91%         4

Inventory:

Hand Weapons
 Y - a +2 sling (weapon)
Armour
 c - a +0 helmet
 e - a +0 pair of gloves
 f - a +0 ring mail (worn)
Jewellery
 a - an amulet of regeneration (around neck)
Scrolls
 b - a scroll of identify
Potions
 d - a potion of lignification {unknown}
 g - 3 potions of curing
 j - a potion of haste

Dungeon Overview and Level Annotations

Branches:
Dungeon (3/15)

Altars:
Uskayaw

Shops:
D:3 [

Annotations:
D:3 1 runed translucent door, Sigmund


Message History

You shoot a sling bullet. Something hits you but does no damage.
You shoot a sling bullet. Something hits you but does no damage.
You shoot a sling bullet. Something hits you!
A magic dart appears from out of thin air!
The magic dart hits you.
You shoot a sling bullet. Something hits you.
You shoot a sling bullet.
You hear some strange, mumbled words.
You are confused.
Something hits you.
You shoot a sling bullet.
You hear some strange, mumbled words.
A puff of flame appears from out of thin air!
The puff of flame hits you. Something hits you but does no damage.
You shoot a sling bullet. Something hits you.
You shoot a sling bullet.
You hear some strange, mumbled words.
You are more confused.
Something hits you.
You shoot a sling bullet. Something hits you but does no damage.
You shoot a sling bullet. Something hits you.
You shoot a sling bullet. Something hits you.
You shoot a sling bullet.
Something hits you but does no damage. x2
You shoot a sling bullet. Something hits you.
You shoot a sling bullet. Something hits you but does no damage.
You shoot a sling bullet.
You feel less confused. Something hits you!
You die...

#.......#
#######.##.#..##
#.......#.###...
#.#####.##.#.... #.#
#.###.#.## #.#
#.#####.##
#.#####.........
#########..........##.##
.....{.@...........##.#
.#####.#...#######.##.##
#.#...# #.#...# #.#...#
#..###. .....<# #.## ##
..#..## #.# # ...##..#
.#. #.## ## +## #... ..#
##.###^ .( #.# ...
##...#


There were no monsters in sight!

Vanquished Creatures
  5 adders
  A worm (D:2)
  2 dart slugs (D:3)
  3 orcs (D:2)
  4 ball pythons
  8 endoplasms
  3 giant cockroaches
  4 goblins
  6 hobgoblins
  6 jackals
  3 quokkas (D:1)
  2 bats
  2 frilled lizards (D:2)
  4 kobolds
  9 rats
62 creatures vanquished.

Notes
Turn   | Place    | Note
-------+----------+-------------------------------------------
     0 | D:1      | qw the Gargoyle Hexslinger began the quest for the Orb.
     0 | D:1      | Reached XP level 1. HP: 12/12 MP: 2/2
     0 | D:1      | 0 ||| qw: Version: 0.3-a-24-g62f9e04
     0 | D:1      | 0 ||| qw: Game counter: 6696
     0 | D:1      | 0 ||| qw: Melee chars always use a shield: true
     0 | D:1      | 0 ||| qw: God list: Okawaru
     0 | D:1      | 0 ||| qw: Allow faded altars: false
     0 | D:1      | 0 ||| qw: Do Orc after clearing Dungeon:15 true
     0 | D:1      | 0 ||| qw: Do second Lair branch before Depths: true
     0 | D:1      | 0 ||| qw: Lair rune preference: random
     0 | D:1      | 0 ||| qw: Goals: Normal
     0 | D:1      | 0 ||| PLANNING D:1-11
    92 | D:1      | Reached XP level 2. HP: 16/16 MP: 3/3
   197 | D:1      | Reached skill level 3 in Ranged Weapons
   317 | D:1      | Found a faded altar of an unknown god.
   988 | D:1      | 988 ||| DROPPING ring of magical power.
   989 | D:1      | 989 ||| READING scroll labelled FINNUA KIHE.
   990 | D:1      | 990 ||| READING scroll labelled SAOMELODEX.
   991 | D:1      | 991 ||| READING scroll labelled NUZ DEQOUNNA.
   992 | D:1      | 992 ||| READING scroll labelled CIUFAS WENIB.
   996 | D:1      | 996 ||| READING scroll labelled VIFFEA TIRARCH.
  1097 | D:1      | 1097 ||| DRINKING 2 smoky orange potions.
  1098 | D:1      | 1098 ||| DROPPING scroll of poison.
  1166 | D:2      | Reached XP level 3. HP: 17/21 MP: 4/4
  1311 | D:2      | Reached XP level 4. HP: 26/26 MP: 5/5
  1542 | D:2      | Reached skill level 4 in Ranged Weapons
  1728 | D:2      | 1728 ||| UPGRADING to +0 ring mail.
  1738 | D:2      | 1738 ||| DROPPING +0 robe.
  1739 | D:2      | 1739 ||| UPGRADING to amulet of regeneration.
  1744 | D:2      | 1744 ||| DROPPING amulet of guardian spirit.
  1745 | D:2      | 1745 ||| READING scroll labelled WUVOTE ERUTOCA.
  1746 | D:2      | 1746 ||| READING scroll labelled QOAZAK XURU.
  1886 | D:3      | Reached skill level 1 in Armour
  2073 | D:3      | Found a hide-covered altar of Uskayaw.
  2101 | D:3      | Found Tungoimp's Antique Armour Shop.
  2105 | D:3      | 2105 ||| BUYING pair of gloves (81 gold).
  2105 | D:3      | Bought a pair of gloves for 81 gold pieces
  2105 | D:3      | 2105 ||| SHOPLISTING polished leather armour (126 gold,
                  | have 21).
  2105 | D:3      | 2105 ||| SHOPLISTING runed cloak (135 gold, have 21).
  2259 | D:3      | Reached XP level 5. HP: 30/30 MP: 6/6
  2265 | D:3      | Found a runed translucent gate.
  2268 | D:3      | Noticed Sigmund
  2285 | D:3      | HP: 7/30 [something/puff of flame (4)]
  2290 | D:3      | HP: 3/30 [something (5)]
  2294 | D:3      | Slain by Sigmund

Levels and vault maps discovered:
D:1:      saegor_arrival_miasma, layout_loops_corners,
          ebering_ecumenical_altar_abandoned, serial_forest,
          infiniplex_forest_clump_small, infiniplex_forest_end_1,
          infiniplex_forest_lined_room_2, infiniplex_forest_zigzag_1,
          infiniplex_forest_end_double, infiniplex_forest_lined_room_3,
          infiniplex_forest_lined_room_2
D:2:      layout_basic
D:3:      layout_loops_ring, nicolae_uskayaw_murder_on_the_dancefloor,
          serial_shops, nicolae_shop_behind_doors, ebering_ghost_rock_garden,
          uniq_sigmund

Skill      XL: |  1  2  3  4 |
---------------+-------------+-----
Ranged Weapons | 3 4 |  4.4
Fighting       | 2 |  2.3
Armour         | 1 |  1.0
Dodging        | |  1.5
Spellcasting   | |  1.0
Hexes          | |  2.6

Action                     |  1- 3 |  4- 6 || total
---------------------------+-------+-------++-------
   Fire: Sling             |   109 |   120 ||   229
    Use: Scroll            |     5 |     2 ||     7
         Potion            |     1 |       ||     1
 Armour: Robe              |    12 |     5 ||    17
         Ring mail         |       |    17 ||    17
  Dodge: Dodged            |    25 |    37 ||    62

Table legend:
 A = Non-vault XP
 B = Vault XP
 C = Vault XP percentage of total XP
 D = Non-vault monster count
 E = Vault monster count
 F = Vault count percentage of total count
                 A         B        C        D         E       F
            +---------+---------+-------+---------+---------+-------
      Total |     173 |       0 |   0.0 |      62 |       0 |   0.0
            +---------+---------+-------+---------+---------+-------
        D:1 |      31 |       0 |   0.0 |      18 |       0 |   0.0
        D:2 |      89 |       0 |   0.0 |      30 |       0 |   0.0
        D:3 |      53 |       0 |   0.0 |      14 |       0 |   0.0
            +---------+---------+-------+---------+---------+-------
